 Dungeon Crawl Stone Soup version 0.27.0-1-g7a089689b8 (webtiles) character file.

Game seed: 14537095344800868193

23676 Smaepdii the Summoner (level 13, 0/74 HPs)
             Began as a Gargoyle Fighter on Aug 5, 2021.
             Was an Elder of Ashenzari.
             Slain by Rupert (3 damage)
             ... on level 3 of the Lair of Beasts.
             The game lasted 01:53:51 (17691 turns).

Smaepdii the Summoner (Gargoyle Fighter)           Turns: 17691, Time: 01:53:52

Health: 0/74       AC: 16    Str: 21    XL:     13   Next: 8%
Magic:  6/26       EV: 16    Int: 10    God:    Ashenzari [****..]
Gold:   1005       SH:  0    Dex: 12    Spells: 9/31 levels left

rFire    + . .     SeeInvis +   a - +6 short sword of Supernal Knowledge {flame, Bglg, Comp} (curse)
rCold    + . .     Faith    .   (no shield)
rNeg     + . .     Spirit   .   z - +0 leather armour of Ashenzari's Adversity {Comp, Alch} (curse)
rPois    ∞         Reflect  .   d - +2 hat "Perceptive Desperation" {Cun, Evo} (curse)
rElec    +         Harm     .   L - scarf of the Chained Black Moon {rC+ rF+, Evo, Self} (curse)
rCorr    .         Rampage  .   (no gloves)
Will     +....     Clarity  +   E - +0 pair of boots of the Sibylline Portent {Self, Elem} (curse)
Stlth    +++++.....             D - amulet of Desmomancy {Regen+, Evo, Cun} (curse)
HPRegen  1.22/turn              P - ring of wizardry
MPRegen  0.20/turn              l - ring of Panopticon {Will+, Evo, Cun} (curse)

@: no status effects
A: sickness immunity, AC +9, negative energy resistance 1, electricity
resistance, torment resistance 1, petrification resistance
a: Renounce Religion, Shatter the Chains


You were on level 3 of the Lair of Beasts.
You worshipped Ashenzari.
Ashenzari was greatly pleased with you.
You visited 2 branches of the dungeon, and saw 15 of its levels.
You also visited: Ossuary.

You collected 1005 gold pieces.

Inventory:

Hand Weapons
 a - the cursed +6 short sword of Supernal Knowledge (weapon) {flame, Bglg, Comp}
   (You found it on level 1 of the Dungeon)

   It burns those it strikes, dealing additional fire damage.
   It has a curse which improves the following skills: Beguiling: Conjurations,
   Hexes and Translocations.
   Companions: Summonings and Necromancy.
 h - a +2 flail of protection
 F - the +7 dagger of Qazlal's Hatred {protect, Str+4}
   (You found it on level 11 of the Dungeon)

   It grants its wielder temporary protection when it strikes (+7 to AC).
   Str:       It affects your strength (+4).
Missiles
 o - 2 throwing nets (quivered)
 q - 76 poisoned darts
 y - 4 curare-tipped darts
 G - 17 boomerangs
 K - 4 silver boomerangs
Armour
 d - the cursed +2 hat "Perceptive Desperation" (worn) {Cun, Evo}
   (You found it on level 12 of the Dungeon)

   It has a curse which improves the following skills: Cunning: Dodging and
   Stealth.
   Evocations: Evocations.
 z - the cursed +0 leather armour of Ashenzari's Adversity (worn) {Comp, Alch}
   (You took it off an orc on level 5 of the Dungeon)

   It has a curse which improves the following skills: Companions: Summonings
   and Necromancy.
   Alchemy:   Poison Magic and Transmutations.
 B - a +0 troll leather armour
 E - the cursed +0 pair of boots of the Sibylline Portent (worn) {Self, Elem}
   (You found it on level 1 of the Lair of Beasts)

   It has a curse which improves the following skills: Introspection: Fighting
   and Spellcasting.
   Elements:  Fire Magic, Ice Magic, Air Magic and Earth Magic.
 L - the cursed scarf of the Chained Black Moon (worn) {rC+ rF+, Evo, Self}
   (You found it on level 2 of the Lair of Beasts)

   It has a curse which improves the following skills: Evocations: Evocations.
   Introspection: Fighting and Spellcasting.
Magical Staves
 b - a staff of fire
Jewellery
 j - a +6 ring of dexterity
 l - the cursed ring of Panopticon (right hand) {Will+, Evo, Cun}
   (You found it on level 3 of the Dungeon)

   [ring of willpower]

   Will:      It increases your willpower.
   It has a curse which improves the following skills: Evocations: Evocations.
   Cunning:   Dodging and Stealth.
 m - a ring of positive energy
 s - a ring of resist corrosion
 C - a ring of protection from fire
 D - the cursed amulet of Desmomancy (around neck) {Regen+, Evo, Cun}
   (You found it on level 7 of the Dungeon)

   [amulet of regeneration]

   Regen:     It increases your rate of health regeneration.
   It has a curse which improves the following skills: Evocations: Evocations.
   Cunning:   Dodging and Stealth.
 M - a ring of ice
 P - a ring of wizardry (left hand)
Wands
 r - a wand of flame (74)
 v - a wand of mindburst (50)
 A - a wand of polymorph (5)
 H - a wand of digging (7)
 I - a wand of iceblast (6)
Scrolls
 c - 4 scrolls of enchant weapon
 f - 3 scrolls of amnesia
 g - 21 scrolls of identify
 i - 5 scrolls of magic mapping
 k - 4 scrolls of teleportation
 n - a scroll of fog
 x - a scroll of brand weapon
 J - 2 scrolls of silence
 O - a scroll of enchant armour
 Q - a scroll of fear
Potions
 e - 3 potions of cancellation
 p - 5 potions of curing
 u - 5 potions of brilliance
 w - a potion of magic
 N - a potion of might
Miscellaneous
 t - a condenser vane


   Skills:
 - Level 3.2(6.3) Fighting
 - Level 10.1 Short Blades
 - Level 2.6 Maces & Flails
 - Level 3.2 Armour
 + Level 7.2(11.7) Dodging
 + Level 10.3(14.5) Stealth
 - Level 3.2 Shields
 + Level 6.3(9.9) Spellcasting
 * Level 11.1(14.3) Summonings


You had 9 spell levels left.
You knew the following spells:

 Your Spells              Type           Power      Damage    Failure   Level
a - Animate Armour        Summ/Erth      38%        N/A       3%          4
b - Shadow Creatures      Summ           N/A        N/A       2%          6
c - Summon Forest         Summ/Tloc      9%         N/A       9%          5
d - Summon Mana Viper     Hex/Summ       19%        N/A       9%          5
e - Ensorcelled Hibernat  Hex/Ice        10%        N/A       9%          2

Your spell library contained the following spells:

 Spells                   Type           Power      Damage    Failure   Level
 Corona                   Hex            5%         N/A       6%          1
 Portal Projectile        Hex/Tloc       10%        N/A       16%         3
 Stone Arrow              Conj/Erth      10%        3d7       16%         3
 Tukima's Dance           Hex            5%         N/A       16%         3
 Petrify                  Tmut/Erth      5%         N/A       45%         4
 Summon Horrible Things   Summ           16%        N/A       71%         8
 Excruciating Wounds      Necr           2%         N/A       78%         5
 Blade Hands              Tmut           2%         N/A       80%         5
 Bolt of Magma            Conj/Fire/Erth 2%         4d4       80%         5
 Metabolic Englaciation   Hex/Ice        2%         N/A       80%         5
 Malign Gateway           Summ/Tloc      9%         N/A       92%         7
 Lehudib's Crystal Spear  Conj/Erth      2%         10d2      100%        8
 Shatter                  Erth           2%         3d6*      100%        9
 Statue Form              Tmut/Erth      Unusable   N/A       N/A         6

Dungeon Overview and Level Annotations

Branches:
Dungeon (12/15)            Temple (0/1) D:7            Lair (3/6) D:10
 Shoals (0/4) Lair:2        Snake (0/4) Lair:3          Orc (0/2) D:12
Ossuary (visited)

Altars:
Ashenzari
Dithmenos
Elyvilon
Fedhas
Kikubaaqudgha
Okawaru
Xom

Shops:
D:1 (

Annotations:
Lair:3 Rupert


Innate Abilities, Weirdness & Mutations

You are immune to sickness and miasma.
Your stone body is resilient. (AC +9)
You are immune to poison.
You resist negative energy. (rN+)
You are resistant to electric shocks. (rElec)
You are resistant to unholy torment.
You are immune to petrification.


Message History

Rupert hits your animated leather armour but does no damage.
Rupert hits your dryad with a +1 vorpal battleaxe!!
Your dryad dies!
Your dryad's corpse disappears in a puff of smoke!
The forest abruptly stops moving.
Rupert hits your mana viper with a +1 vorpal battleaxe!!
Your mana viper dies!
Your animated leather armour hits Rupert. x2
Rupert barely misses your animated leather armour.
Rupert hits your animated leather armour with a +1 vorpal battleaxe!!
Your animated leather armour is destroyed!
Rupert misses your mana viper.
Rupert hits your water moccasin with a +1 vorpal battleaxe!!
Your mana viper bites Rupert.
Your water moccasin bites Rupert.
Rupert is poisoned.
Your water moccasin poisons Rupert!
Rupert misses your water moccasin. Rupert closely misses your mana viper.
Your mana viper barely misses Rupert.
Your water moccasin barely misses Rupert.
Rupert misses your water moccasin. Rupert closely misses your mana viper.
A nearby plant withers and dies.
Your mana viper bites Rupert.
Your water moccasin bites Rupert.
Rupert hits your water moccasin with a +1 vorpal battleaxe!!
Your water moccasin dies!
Your water moccasin's corpse dissolves into shadows!
Rupert hits your mana viper with a +1 vorpal battleaxe!
Your mana viper barely misses Rupert.
Rupert shouts!
Rupert hits your mana viper with a +1 vorpal battleaxe!!!
Your mana viper dies!
Rupert hits you with a +1 vorpal battleaxe!
Rupert rages.
Rupert hits you with a +1 vorpal battleaxe!
Rupert hits you with a +1 vorpal battleaxe!
Space becomes stable.
Rupert looks more healthy.
Rupert hits you with a +1 vorpal battleaxe.
Rupert hits you with a +1 vorpal battleaxe!
Rupert hits you with a +1 vorpal battleaxe!!
* * * LOW HITPOINT WARNING * * *
You die...

.............###).####....##.....
..#..........#.#.#.###.......#...
......................<.......#..
......................÷.......#..
#...P.##.##..............÷^..#..#
#.♣..#.####.....#..##.....#...###
...........................#.....
...............@.................
.....≈≈.........@................
....≈≈≈..........................
...≈≈≈≈......P...................
...≈.............................
.................................
....#............................
.....♣..#........................
....?............................
.................>...............


You could see Rupert (berserk).

Vanquished Creatures
  5 hydras
  A two-headed ogre (D:10)
  A cyclops (D:12)
  3 elephants (Lair:3)
  A moth of wrath (D:11)
  2 cane toads
  A kobold demonologist (D:11)
  A rime drake (Lair:1)
  3 komodo dragons
  An unseen horror (D:12)
  A troll (D:12)
  3 hornets
  2 nameless horrors
  A shadow (D:11)
  4 wraiths
  A vampire (D:11)
  2 humans (D:12)
  A wyvern (D:9)
  A basilisk (Lair:2)
  31 yaks
  Menkaure (D:5)
  3 acid dragons
  10 water moccasins
  A hornet zombie (D:7)
  A sky beast (D:8)
  An ice beast (D:7)
  7 orc warriors
  6 black bears
  2 ogres
  4 necrophages
  3 centaurs
  2 wolves (Lair:2)
  A phantom (D:5)
  3 kobold brigands
  9 bullfrogs
  2 scorpions
  3 wyvern zombies
  A water moccasin zombie (D:6)
  A water moccasin skeleton (D:5)
  2 killer bees (D:8)
  18 wights
  5 howler monkeys
  3 electric eels (D:6)
  6 centaur zombies
  3 hounds
  A gnoll shaman (D:9)
  A jelly (D:7)
  3 orc priests
  2 iguanas
  Jessica (D:2)
  Ijyb (D:5)
  5 orc wizards
  A hound skeleton (D:5)
  A howler monkey zombie (D:8)
  15 gnolls
  10 adders
  A shadow imp (D:7)
  2 white imps
  An ufetubus (D:4)
  3 adder skeletons (D:4)
  4 adder zombies (Ossuary)
  2 worms
  49 orcs
  6 ball pythons
  5 endoplasms
  3 giant cockroaches
  3 goblins
  4 hobgoblins
  6 quokkas
  3 bats
  A frilled lizard (D:1)
  10 kobolds
  A kobold zombie (Ossuary)
  2 orc zombies (Ossuary)
  4 rats
  A butterfly (Lair:3)
316 creatures vanquished.

Vanquished Creatures (collateral kills)
  Fannar (Lair:2)
  A merfolk siren (Lair:2)
  A black mamba (Lair:1)
  An elephant (Lair:3)
  2 nameless horrors
  2 yaks (Lair:2)
  4 nagas (Lair:3)
  A water moccasin (Lair:3)
  2 wolves (Lair:2)
15 creatures vanquished.

Vanquished Creatures (others)
  55 fungi
  52 plants
107 creatures vanquished.

Grand Total: 438 creatures vanquished

Notes
Turn   | Place    | Note
-------+----------+-------------------------------------------
     0 | D:1      | Smaepdii the Gargoyle Fighter began the quest for the Orb.
     0 | D:1      | Reached XP level 1. HP: 14/14 MP: 1/1
   113 | D:1      | Found Afom's Weapon Boutique.
   281 | D:1      | Found a faded altar of an unknown god.
   591 | D:1      | Reached XP level 2. HP: 19/19 MP: 2/2
  1250 | D:2      | Reached skill level 1 in Short Blades
  1423 | D:2      | Noticed Jessica
  1436 | D:2      | Killed Jessica
  1437 | D:2      | Reached XP level 3. HP: 13/23 MP: 3/3
  1574 | D:2      | Found a broken altar of Ashenzari.
  1603 | D:2      | Became a worshipper of Ashenzari the Shackled
  2208 | D:3      | Reached XP level 4. HP: 23/28 MP: 4/4
  3051 | D:3      | Found a shadowy altar of Dithmenos.
  3165 | D:3      | Reached XP level 5. HP: 32/32 MP: 5/5
  3167 | D:3      | Found a shimmering altar of Xom.
  3425 | D:4      | Found a broken altar of Ashenzari.
  3429 | D:4      | Reached * piety under Ashenzari
  3714 | D:4      | Noticed a black bear
  3724 | D:4      | Killed a black bear
  3725 | D:4      | Reached XP level 6. HP: 29/37 MP: 6/6
  3814 | D:4      | Reached ** piety under Ashenzari
  3887 | D:4      | Reached skill level 5 in Short Blades
  4493 | D:5      | Entered Level 5 of the Dungeon
  4498 | D:5      | Noticed Ijyb
  4499 | D:5      | Identified the +2 flail "Dragon's Tongue" {speed, *Slow
                  | Dex+8}
  4513 | D:5      | Killed Ijyb
  4542 | D:5      | Found a sand-covered staircase.
  4655 | Ossuary  | Entered an ossuary
  4747 | Ossuary  | Reached XP level 7. HP: 29/41 MP: 7/7
  4959 | Ossuary  | Noticed a wraith
  4959 | Ossuary  | Noticed a flying skull
  4966 | Ossuary  | Noticed a flying skull
  5019 | Ossuary  | Noticed a flying skull
  5026 | Ossuary  | Noticed a flying skull
  5027 | Ossuary  | Noticed a wraith
  5046 | Ossuary  | Killed a wraith
  5167 | Ossuary  | Noticed a wraith
  5180 | Ossuary  | Killed a wraith
  5181 | Ossuary  | Reached XP level 8. HP: 24/46 MP: 8/8
  5675 | D:5      | Noticed Menkaure
  5683 | D:5      | Killed Menkaure
  6362 | D:6      | Reached XP level 9. HP: 51/51 MP: 9/9
  6390 | D:6      | Reached *** piety under Ashenzari
  6433 | D:6      | Reached skill level 10 in Short Blades
  6550 | D:6      | Reached skill level 1 in Stealth
  6550 | D:6      | Reached skill level 1 in Summonings
  6621 | D:6      | Reached skill level 1 in Dodging
  6763 | D:6      | Reached skill level 2 in Summonings
  7265 | D:6      | Found an ancient bone altar of Kikubaaqudgha.
  7666 | D:7      | Reached skill level 3 in Summonings
  7690 | D:7      | Found a staircase to the Ecumenical Temple.
  8319 | D:7      | Reached skill level 4 in Summonings
  8927 | D:8      | Reached XP level 10. HP: 56/56 MP: 10/10
  8995 | D:8      | Reached skill level 5 in Summonings
  9245 | D:8      | Reached skill level 5 in Stealth
  9534 | D:8      | Reached skill level 6 in Summonings
 10081 | D:9      | Reached skill level 1 in Spellcasting
 10107 | D:9      | Reached skill level 7 in Summonings
 10506 | D:9      | Reached XP level 11. HP: 28/60 MP: 14/14
 11167 | D:10     | Entered Level 10 of the Dungeon
 11269 | D:10     | Found a white marble altar of Elyvilon.
 11279 | D:10     | Found a blossoming altar of Fedhas.
 11438 | D:10     | Noticed a two-headed ogre
 11444 | D:10     | Killed a two-headed ogre
 11507 | D:10     | Reached skill level 5 in Dodging
 11528 | D:10     | Found a staircase to the Lair.
 11561 | D:10     | Reached skill level 8 in Summonings
 12714 | D:11     | Noticed a seven-headed hydra
 12721 | D:11     | Killed a seven-headed hydra
 12754 | D:11     | Reached skill level 9 in Summonings
 12903 | D:11     | Noticed a boulder beetle
 12985 | D:11     | Found a shadowy altar of Dithmenos.
 12985 | D:11     | Noticed a two-headed ogre
 13047 | D:11     | Noticed a moth of wrath
 13047 | D:11     | a two-headed ogre changed into a moth of wrath
 13060 | D:11     | Killed a moth of wrath
 13255 | D:11     | Identified the +7 dagger of Qazlal's Hatred {protect,
                  | Str+4}
 13990 | D:12     | Found a staircase to the Orcish Mines.
 14000 | D:12     | Reached XP level 12. HP: 63/64 MP: 18/18
 14113 | D:12     | Learned a level 4 spell: Animate Armour
 14377 | D:12     | Reached **** piety under Ashenzari
 14833 | D:12     | Found an iron altar of Okawaru.
 15050 | Lair:1   | Entered Level 1 of the Lair of Beasts
 15260 | Lair:1   | Reached skill level 5 in Spellcasting
 15323 | Lair:1   | Learned a level 6 spell: Shadow Creatures
 15430 | Lair:1   | Reached skill level 10 in Summonings
 16010 | Lair:2   | Noticed a five-headed hydra
 16013 | Lair:2   | Killed a five-headed hydra
 16208 | Lair:2   | Noticed Fannar
 16327 | Lair:2   | Noticed a six-headed hydra
 16329 | Lair:2   | Killed a six-headed hydra
 16352 | Lair:2   | Noticed a seven-headed hydra
 16357 | Lair:2   | Killed a seven-headed hydra
 16385 | Lair:2   | Noticed an eight-headed hydra
 16395 | Lair:2   | Reached ***** piety under Ashenzari
 16408 | Lair:2   | Killed an eight-headed hydra
 16436 | Lair:2   | Killed Fannar
 16640 | Lair:2   | Found a staircase to the Shoals.
 16660 | Lair:2   | Reached skill level 10 in Stealth
 17228 | Lair:3   | Reached skill level 11 in Summonings
 17228 | Lair:3   | Reached XP level 13. HP: 65/76 MP: 6/27
 17457 | Lair:3   | Learned a level 5 spell: Summon Forest
 17463 | Lair:3   | Learned a level 5 spell: Summon Mana Viper
 17466 | Lair:3   | Learned a level 2 spell: Ensorcelled Hibernation
 17520 | Lair:3   | Found a staircase to the Snake Pit.
 17665 | Lair:3   | Noticed Rupert
 17691 | Lair:3   | HP: 3/74 [Rupert (35)]
 17691 | Lair:3   | Slain by Rupert

Illustrated notes

Levels and vault maps discovered:
D:1:      psy_arrival_radial02, layout_loops_corners,
          shapermc_ecumenical_altar_acropolis, serial_shops,
          nicolae_diamond_shop, chequers_serial_rivers_room_a,
          chequers_serial_rivers_small_3, hangedman_abyss_or_decor_stabs
D:2:      layout_basic, basic_altar, uniq_jessica
D:3:      layout_loops_corners, mainiacjoe_overflow_alcove_4, xom_butterflies,
          minmay_tree_intersection, kennysheep_generic_room_15
D:4:      layout_gridville, nicolae_ashenzari_skybound
D:5:      layout_gridville, nicolae_ossuary_entry_plus, nrook_uturn,
          uniq_menkaure, uniq_ijyb
D:6:      layout_loops_ring, mainiacjoe_overflow_small_starburst,
          chequers_big_river
D:7:      layout_loops_corners, minmay_temple_entry_butterflies
D:8:      minmay_recursive_quarters, layout_basic
D:9:      layout_loops_cross, minmay_starry_boxes
D:10:     layout_loops_corners, amethyst_overflow_temple_binary,
          due_lair_maze_entry_diamond, special_room [special_room_orc]
D:11:     layout_stronghold, nicolae_dithmenos_through_a_glass_darkly
D:12:     layout_irregular_city, david_orc_3, okawaru_humans
Lair:1:   layout_loops_ring, cheibrodos_lair_reptile_den
Lair:2:   layout_regular_city, minmay_shoals_entry_lonely_mermaid,
          serial_bayou_shore_b, infiniplex_staircase_pool_2, uniq_fannar
Lair:3:   layout_gridlike, minmay_snake_entry_guardpost_small,
          lemuel_fruit_fields, lemuel_fruit_tree, minmay_lair_oklob_chamber,
          uniq_rupert, uniq_urug

Skill      XL: |  1  2  3  4  5  6  7  8  9 10 11 12 |
---------------+-------------------------------------+-----
Short Blades   | 2 3 4 6 7 9 10 | 10.1
Stealth        | 4 6 8 10 | 10.3
Summonings     | 4 7 9 11 | 11.1
Dodging        | 2 4 5 7 |  7.2
Spellcasting   | 2 4 6 |  6.3
Fighting       | |  3.2
Maces & Flails | |  2.6
Armour         | |  3.2
Shields        | |  3.2

Action                   |  1- 3 |  4- 6 |  7- 9 | 10-12 | 13-15 || total
-------------------------+-------+-------+-------+-------+-------++-------
Melee: Flail             |    23 |       |       |       |       ||    23
       Short sword       |    43 |   138 |   307 |   788 |    21 ||  1297
 Cast: Shadow Creatures  |       |       |       |    16 |     2 ||    18
       Animate Armour    |       |       |       |    11 |     3 ||    14
       Summon Mana Viper |       |       |       |       |     4 ||     4
       Summon Forest     |       |       |       |       |     2 ||     2
Invok: Curse Item        |       |     3 |     2 |     4 |       ||     9
       Shatter the Chain |       |       |     1 |       |     1 ||     2
Evoke: Wand              |       |       |       |    20 |       ||    20
  Use: Scroll            |     1 |       |       |     4 |       ||     5
       Potion            |       |     1 |     1 |     9 |       ||    11
 Stab: Sleeping          |       |       |     3 |    31 |       ||    34
       Distracted        |       |       |       |     6 |       ||     6
       Paralysed         |       |       |       |     5 |       ||     5
Armor: Scale mail        |    26 |    40 |    44 |       |       ||   110
       Leather armour    |       |       |    33 |   142 |     6 ||   181
Dodge: Dodged            |    14 |    35 |    78 |   281 |    13 ||   421
Block: Kite shield       |    23 |    52 |    71 |       |       ||   146
